 Dungeon Crawl Stone Soup version 0.25-a0-294-gea9b1ad (webtiles) character file.

Game seed: 766401893716793863, levelgen mode: deterministic

109 MrTaco21 the Skirmisher (level 4, -2/30 HPs)
             Began as a Gargoyle Fighter on Dec 16, 2019.
             Slain by an orc
             ... wielding a +0 trident
              (7 damage)
             ... on level 3 of the Dungeon.
             The game lasted 00:05:26 (2947 turns).

MrTaco21 the Skirmisher (Gargoyle Fighter)          Turns: 2947, Time: 00:05:27

Health: -2/30      AC: 11    Str: 21    XL:     4   Next: 89%
Magic:  4/4        EV:  7    Int:  8    God:
Gold:   55         SH:  9    Dex:  9    Spells: 3/3 levels left

rFire    . . .     SeeInvis .   a - +0 flail
rCold    . . .     Gourm    .   c - +0 shield
rNeg     + . .     Faith    .   b - +0 scale mail
rPois    ∞         Spirit   .   j - +0 helmet
rElec    +         Reflect  .   (no cloak)
rCorr    .         Harm     .   (no gloves)
MR       .....                  (no boots)
Stlth    +.........             (no amulet)
HPRegen  0.10/turn              s - ring of stealth
MPRegen  0.09/turn              (no ring)

@: slowed, very slow
A: negative energy resistance 1, electricity resistance, unbreathing,
petrification resistance, rot immunity, AC +3
a: no special abilities


You were on level 3 of the Dungeon.
You were hungry.

You visited 1 branch of the dungeon, and saw 4 of its levels.

You collected 77 gold pieces.
You spent 22 gold pieces at shops.

Inventory:

Hand Weapons
 a - a +0 flail (weapon)
Armour
 b - a +0 scale mail (worn)
 c - a +0 shield (worn)
 j - a +0 helmet (worn)
   (You took it off Robin on level 2 of the Dungeon)
Jewellery
 s - a ring of stealth (left hand)
   (You found it on level 3 of the Dungeon)
Scrolls
 g - a scroll of fear {unknown}
 h - 4 scrolls of identify {@r1}
 i - 3 scrolls of remove curse {unknown}
 m - 3 scrolls of noise {unknown}
 n - a scroll of enchant armour {unknown}
 o - a scroll of fog {unknown}
Potions
 d - a potion of might
 f - a potion of heal wounds {unknown}
 k - a potion of resistance {unknown}
 l - a potion of mutation {unknown}
 p - a potion of lignification {unknown}
 q - a potion of berserk rage {unknown}
Comestibles
 e - 5 rations {!d}


   Skills:
 + Level 4.8 Fighting
 + Level 3.7 Maces & Flails
 - Level 3.2 Armour
 - Level 3.2 Shields


You had 3 spell levels left.
You didn't know any spells.
Your spell library was empty.

Dungeon Overview and Level Annotations

Branches:
Dungeon (4/15)
 Temple: D:4-7

Altars:
The Shining One

Shops:
D:4 *

Annotations:
D:4 Eustachio


Innate Abilities, Weirdness & Mutations

You are resistant to torment.
Your stone body is resilient. (AC +3)
You are immune to poison.
You resist negative energy. (rN+)
You are resistant to electric shocks. (rElec)
You can survive without breathing.
You are immune to petrification.
You are immune to rotting.


Message History

You block the orc's attack. The orc hits you.
The orc hits you but does no damage.
You hit the orc but do no damage.
The orc hits you from afar with a +0 trident.
The orc wizard gestures wildly while chanting.
The orc wizard blinks!
The orc closely misses you. The orc barely misses you.
You hit the orc but do no damage. The orc hits you but does no damage.
The orc barely misses you. The orc closely misses you.
You hit the orc. You block the orc's attack.
The orc hits you but does no damage.
You hit the orc but do no damage.
The orc wizard casts a spell.
The orc wizard blinks!
The orc hits you but does no damage.
You block the orc's attack. x2; The orc hits you but does no damage.
You block the orc's attack.
You hit the orc.
You kill the orc!
You block the orc's attack. x2
Your scale mail prevents you from hitting the orc.
The orc hits you but does no damage. x2; You block the orc wizard's attack.
You sock the orc wizard! The orc hits you but does no damage. x2
You block the orc wizard's attack.
The orc hits you from afar with a +0 trident.
You barely miss the orc wizard. The orc wizard casts a spell at you.
You feel yourself slow down. The orc hits you but does no damage.
You block the orc wizard's attack. You block the orc's attack. x2
You miss the orc wizard. You block the orc wizard's attack. x2
The orc hits you but does no damage. The orc barely misses you.
The orc wizard gestures at you while chanting.
The magic dart hits you!
* * * LOW HITPOINT WARNING * * *
The orc barely misses you.
The orc hits you from afar with a +0 trident.
* * * LOW HITPOINT WARNING * * *
You hit the orc wizard.
The orc wizard hits you but does no damage.
The orc wizard gestures wildly while chanting.
The orc wizard blinks!
The orc hits you but does no damage. The orc closely misses you.
You block the orc's attack. The orc closely misses you.
You sock the orc!
You kill the orc!
The orc wizard casts a spell at you.
The magic dart hits you but does no damage.
The orc wizard gestures wildly while chanting.
The orc wizard blinks!
The orc hits you from afar with a +0 trident!
You die...

...............#
#######.#.#
#####.#####....#
#.......#.# # #.#.......##
#.#####.#.# #####.#.#..####
#.# #.#.#####
......#.#..########.#
#.#......
......#.#...........#
#.#######
......#)...########.# #.#
#.##
##....###################.#
#...
................@.........#
#.##
.....#########.§.##########
#.# .....# .....o.# #.#
.....# #.#.....# #.# .....#
#.o...# #.# ###### #......
#.# # ##.##.# #.# # .. #[#
#.# # #.#


You could see an orc wizard and an orc.

Vanquished Creatures
  A hound skeleton (D:3)
  Robin (D:2)
  An adder (D:2)
  An ooze (D:3)
  A worm (D:2)
  2 dart slugs (D:1)
  3 leopard geckos
  6 orcs (D:3)
  A bat (D:2)
  14 goblins
  8 hobgoblins
  2 jackals (D:3)
  A quokka (D:2)
  A ball python (D:3)
  3 frilled lizards
  9 rats
55 creatures vanquished.

Notes
Turn   | Place    | Note
-------+----------+-------------------------------------------
     0 | D:1      | MrTaco21 the Gargoyle Fighter began the quest for the Orb.
     0 | D:1      | Reached XP level 1. HP: 14/14 MP: 1/1
   180 | D:1      | Reached XP level 2. HP: 19/19 MP: 2/2
  1389 | D:2      | Reached XP level 3. HP: 24/24 MP: 3/3
  1423 | D:2      | Reached skill level 4 in Fighting
  1529 | D:2      | Noticed Robin
  1534 | D:2      | Killed Robin
  1995 | D:2      | Reached XP level 4. HP: 27/30 MP: 4/4
  2183 | D:2      | Found a glowing golden altar of the Shining One.
  2680 | D:3      | You fall into a shaft and drop 1 floor!
  2688 | D:4      | Found Haaf's General Store.
  2696 | D:4      | Bought a scroll of identify for 22 gold pieces
  2706 | D:4      | Noticed Eustachio
  2707 | D:4      | Noticed an ogre
  2947 | D:3      | Slain by an orc

Levels and vault maps discovered:
D:1:      enne_arrival_octagon_isle, layout_basic, minmay_split_cup_large
D:2:      layout_loops_ring, lemuel_coloured_pillars_altar,
          hangedman_abyss_or_decor_stabs, uniq_robin
D:3:      layout_basic, first_ration, nrook_mini_backslash
D:4:      layout_rooms, serial_shops, nicolae_shop_crystal, uniq_eustachio

Skill      XL: |  1  2  3 |
---------------+----------+-----
Fighting       | 4 |  4.8
Maces & Flails | 3 |  3.7
Armour         | |  3.2
Shields        | |  3.2

Action                   |  1- 3 |  4- 6 || total
-------------------------+-------+-------++-------
Melee: Flail             |   135 |    81 ||   216
  Eat: Chunk             |     4 |     2 ||     6
Armor: Scale mail        |    89 |    53 ||   142
Dodge: Dodged            |    49 |    31 ||    80
Block: Shield            |    94 |    46 ||   140

Table legend:
 A = Non-vault XP
 B = Vault XP
 C = Vault XP percentage of total XP
 D = Non-vault monster count
 E = Vault monster count
 F = Vault count percentage of total count
                 A         B        C        D         E       F
            +---------+---------+-------+---------+---------+-------
      Total |     112 |      44 |  28.2 |      39 |      16 |  29.1
            +---------+---------+-------+---------+---------+-------
        D:1 |      21 |      19 |  47.5 |      13 |       9 |  40.9
        D:2 |      34 |      25 |  42.4 |      11 |       7 |  38.9
        D:3 |      57 |       0 |   0.0 |      15 |       0 |   0.0
            +---------+---------+-------+---------+---------+-------
